 Seeded DCSS version 0.30-a0-272-gf98c3da03f (webtiles) character file.

Game seed: 80085 (custom seed)

74 brknglss the Digger (level 4, 0/28 HPs)
             Began as an Octopode Earth Elementalist on Oct 15, 2022.
             Slain by Terence
             ... wielding a +6 vorpal morningstar
              (2 damage)
             ... on level 3 of the Dungeon.
             The game lasted 00:03:20 (2130 turns).

brknglss the Digger (Octopode Earth Elementalist)   Turns: 2130, Time: 00:03:21

Health: 0/28       AC:  1    Str:  7    XL:     4   Next: 28%
Magic:  1/7        EV: 17    Int: 19    God:
Gold:   128        SH:  0    Dex: 12    Spells: 6/7 levels left

rFire   . . .      SeeInvis .    c - +0 whip
rCold   . . .      Faith    .    (no shield)
rNeg    . . .      Spirit   .    (helmet restricted)
rPois   .          Reflect  .    (no amulet)
rElec   .          Harm     .    b - +4 ring of evasion
rCorr   .          Rampage  .    (no ring)
Will    .....                    (no ring)
Stlth   +++.......               (no ring)
HPRegen 0.24/turn                (no ring)
MPRegen 0.10/turn                (no ring)
                                 (no ring)
                                 (no ring)

@: no status effects
A: almost no armour, amphibious, 8 rings, camouflage 1, gelatinous body 1,
(nimble swimmer 1), tentacles
a: no special abilities


You were on level 3 of the Dungeon.
You visited 1 branch of the dungeon, and saw 3 of its levels.

You collected 128 gold pieces.

Inventory:

Hand Weapons
 c - a +0 whip (weapon)
Missiles
 e - 6 poisoned darts
Jewellery
 b - a +4 ring of evasion (left tentacle)
Scrolls
 d - a scroll of magic mapping {unknown}
 h - 2 scrolls of identify {unknown}
 i - a scroll of vulnerability {unknown}
 k - a scroll of enchant armour {unknown}
 l - 2 scrolls of teleportation {unknown}
 n - a scroll of butterflies {unknown}
Potions
 a - 2 potions of magic
 f - a potion of might {unknown}
 g - a potion of heal wounds {unknown}
 j - a potion of curing {unknown}
 m - a potion of degeneration {unknown}
 o - a potion of lignification {unknown}


   Skills:
 + Level 1.4 Fighting
 + Level 2.6 Dodging
 - Level 2.6 Stealth
 + Level 2.4 Spellcasting
 - Level 1.0 Transmutations
 * Level 3.9 Earth Magic


You had 6 spell levels left.
You knew the following spells:

 Your Spells              Type           Power      Damage    Failure   Level
a - Sandblast             Erth           34%        2d9       3%          1

Your spell library contained the following spells:

 Spells                   Type           Power      Damage    Failure   Level
 Passwall                 Tmut/Erth      9%         N/A       9%          2
 Beastly Appendage        Tmut           12%        N/A       11%         1
 Wereblood                Tmut           6%         N/A       16%         2
 Stone Arrow              Conj/Erth      18%        3d8       22%         3
 Blink                    Tloc           4%         N/A       24%         2
 Momentum Strike          Conj/Tloc      4%         3d8       24%         2
 Static Discharge         Conj/Air       4%         2-3/arc   24%         2
 Spider Form              Tmut/Pois      4%         N/A       36%         3
 Lesser Beckoning         Tloc           4%         N/A       43%         3
 Vhi's Electric Charge    Tloc/Air       4%         N/A       43%         3
 Petrify                  Tmut/Erth      11%        N/A       50%         4
 Arcjolt                  Conj/Air       1%         1d11      99%         5
 Lightning Bolt           Conj/Air       1%         1d12      99%         5


Dungeon Overview and Level Annotations

Branches:
Dungeon (3/15)

Altars:

Shops:
D:2 =

Annotations:
D:3 Terence


Innate Abilities, Weirdness & Mutations

You cannot wear most types of armour.
You are amphibious.
You can wear up to eight rings at the same time.
Your skin changes colour to match your surroundings (Stealth+).
Your rubbery body absorbs attacks. (AC +1, EV +1)
((You are camouflaged when in or above water. (Stealth+)))
You have tentacles for arms and can constrict up to eight enemies at once.


Message History

Press: ? - help, Shift-Dir - straight line, f/p - Terence
Aim: Terence, wielding a +6 vorpal morningstar and wearing a +1 scale mail of poison resistance (84% to hit)
The blast of sand hits Terence.
Terence is moderately wounded.
Terence hits you with a +6 vorpal morningstar.
Casting: Sandblast (safe; 3% risk of failure)
Confirm with . or Enter, or press ? or * to list all spells.
Aiming: Sandblast (safe; 3% risk of failure)
Press: ? - help, Shift-Dir - straight line, f/p - Terence
Aim: Terence, wielding a +6 vorpal morningstar and wearing a +1 scale mail of poison resistance (moderately wounded, 84% to hit)
The blast of sand hits Terence but does no damage.
Terence is moderately wounded.
Terence completely misses you. Terence closely misses you.
Casting: Sandblast (safe; 3% risk of failure)
Confirm with . or Enter, or press ? or * to list all spells.
Aiming: Sandblast (safe; 3% risk of failure)
Press: ? - help, Shift-Dir - straight line, f/p - Terence
Aim: Terence, wielding a +6 vorpal morningstar and wearing a +1 scale mail of poison resistance (moderately wounded, 84% to hit)
The blast of sand hits Terence but does no damage.
Terence is moderately wounded.
Terence closely misses you.
Casting: Sandblast (safe; 3% risk of failure)
Confirm with . or Enter, or press ? or * to list all spells.
Aiming: Sandblast (safe; 3% risk of failure)
Press: ? - help, Shift-Dir - straight line, f/p - Terence
Aim: Terence, wielding a +6 vorpal morningstar and wearing a +1 scale mail of poison resistance (moderately wounded, 84% to hit)
The blast of sand hits Terence!
Terence is severely wounded.
Terence completely misses you.
Terence hits you with a +6 vorpal morningstar!
Casting: Sandblast (safe; 3% risk of failure)
Confirm with . or Enter, or press ? or * to list all spells.
Aiming: Sandblast (safe; 3% risk of failure)
Press: ? - help, Shift-Dir - straight line, f/p - Terence
Aim: Terence, wielding a +6 vorpal morningstar and wearing a +1 scale mail of poison resistance (severely wounded, 84% to hit)
The blast of sand hits Terence.
Terence is severely wounded.
Terence hits you with a +6 vorpal morningstar!
* * * LOW HITPOINT WARNING * * *
You die...

######## ####
##.###......########...
#....@@.....'.)....'...
#..###......########...
#....).# #... #......#
#... #....).# #...
#......# #... #......#
#..[ #......# #...
######## #...


You could see Terence.

Vanquished Creatures
  2 adders (D:2)
  2 dart slugs (D:1)
  3 orcs (D:3)
  6 bats
  2 endoplasms
  5 goblins
  5 hobgoblins
  5 quokkas
  2 ball pythons (D:1)
  4 frilled lizards
  6 kobolds
  6 rats
48 creatures vanquished.

Notes
Turn   | Place    | Note
-------+----------+-------------------------------------------
     0 | D:1      | brknglss the Octopode Earth Elementalist began the quest
                  | for the Orb.
     0 | D:1      | Reached XP level 1. HP: 11/11 MP: 3/3
   235 | D:1      | Reached XP level 2. HP: 18/18 MP: 1/5
   533 | D:1      | Reached XP level 3. HP: 22/22 MP: 6/6
   718 | D:1      | Reached skill level 1 in Fighting
  1228 | D:2      | Found Nohuosem's Jewellery Shop.
  1319 | D:2      | Reached XP level 4. HP: 28/28 MP: 5/7
  1888 | D:3      | Identified the +1 pair of gloves of Viazi {Will- Dex+8
                  | Slay+2 SInv}
  1900 | D:3      | Found the +1 Delatra's gloves {ID++}
  2123 | D:3      | Noticed Terence
  2130 | D:3      | Slain by Terence

Illustrated notes

Levels and vault maps discovered:
D:1:      sevenhm_arrival_forest_fort_small_3, layout_basic,
          wad_floor_pattern_2, chequers_serial_rivers_small_3
D:2:      layout_basic, serial_shops, nicolae_shop_statue_plus
D:3:      layout_basic, uniq_terence, uniq_sigmund

Skill      XL: |  1  2  3 |
---------------+----------+-----
Fighting       | 1 |  1.4
Dodging        | |  2.6
Stealth        | |  2.6
Spellcasting   | |  2.4
Transmutations | |  1.0
Earth Magic    | |  3.9

Action                   |  1- 3 |  4- 6 || total
-------------------------+-------+-------++-------
Melee: Constrict         |    10 |     4 ||    14
       Tentacles         |     6 |     4 ||    10
       Unarmed           |     1 |       ||     1
       Whip              |    41 |    14 ||    55
 Cast: Sandblast         |    31 |    15 ||    46
 Stab: Sleeping          |     4 |     1 ||     5
Armor: Skin              |     3 |     1 ||     4
Dodge: Dodged            |    54 |    18 ||    72

Table legend: (Time is in decaauts)
 A = Elapsed time spent in this place.
 B = Non-inter-level travel time spent in this place.
 C = Inter-level travel time spent in this place.
 D = Time resting spent in this place.
 E = Time spent auto-exploring this place.
 F = Levels seen in this place.
 G = Mean time per level.
                   A        B        C        D        E       F      G
               +--------+--------+--------+--------+--------+-----+--------+
         Total |   2156 |   2079 |     77 |    305 |   1329 |   3 |  718.7 |
       Dungeon |   2156 |   2079 |     77 |    305 |   1329 |   3 |  718.7 |
               +--------+--------+--------+--------+--------+-----+--------+

Top non-repeatable levels by time:
     D:1: 975 daAuts
     D:2: 788 daAuts
     D:3: 392 daAuts
